 Dungeon Crawl Stone Soup version 0.30-a0-799-g109b55a442 (webtiles) character file.

Game seed: 3559717284106364180

3613 BlueFish the Covert (level 9, -2/65 HPs)
             Began as a Vampire Enchanter on Feb 21, 2023.
             Was a Follower of Dithmenos.
             Slain by a sixfirhy (10 damage)
             ... summoned by an orc high priest
             ... in a bailey.
             The game lasted 00:18:31 (7020 turns).

BlueFish the Covert (Vampire Enchanter)             Turns: 7020, Time: 00:18:32

Health: -2/65      AC:  8    Str:  7    XL:     9   Next: 86%
Magic:  20/25      EV: 15    Int: 18    God:    Dithmenos [*.....]
Gold:   416        SH:  0    Dex: 20    Spells: 9/17 levels left

rFire   + + .      SeeInvis +    H - +2 dagger (elec)
rCold   . . .      Faith    +    (no shield)
rNeg    + . .      Spirit   .    b - +0 robe
rPois   +          Reflect  .    (no helmet)
rElec   .          Harm     .    w - +2 cloak {Stlth+}
rCorr   .          Rampage  .    A - +2 pair of gloves
Will    .....                    (no boots)
Stlth   ++++++                   m - amulet of faith
HPRegen 0.50/turn                y - ring of Huni {rPois rF++ rN+ Will- Dex+2}
MPRegen 0.19/turn                o - ring of magical power

@: healing quickly, wreathed by umbra
A: alive, fangs 3, see invisible, vampiric 2
a: Exsanguinate, Renounce Religion


You were in a bailey.
You worshipped Dithmenos.
Dithmenos was aware of your devotion.
You visited 2 branches of the dungeon, and saw 8 of its levels.
You also visited: Sewer and Bailey.

You collected 416 gold pieces.

Inventory:

Hand Weapons
 a - a +1 dagger
 f - a +1 dagger of protection
 H - a +2 dagger of electrocution (weapon)
Missiles
 v - 10 poisoned darts (quivered)
Armour
 b - a +0 robe (worn)
 w - a +2 cloak of stealth (worn)
 A - a +2 pair of gloves (worn)
Jewellery
 d - a ring of protection from cold
 m - an amulet of faith (around neck)
 o - a ring of magical power (right hand)
 q - a +5 ring of evasion
 y - the ring of Huni (left hand) {rPois rF++ rN+ Will- Dex+2}
   (You found it on level 4 of the Dungeon)

   [ring of positive energy]

   Dex:       It affects your dexterity (+2).
   rF:        It greatly protects you from fire.
   rPois:     It protects you from poison.
   rN:        It protects you from negative energy.
   Will:      It decreases your willpower.
 F - a +4 ring of protection
 J - an amulet of magic regeneration
Wands
 s - a wand of charming (17)
 E - a wand of polymorph (10)
 L - a wand of digging (1)
Scrolls
 i - 5 scrolls of teleportation {unknown}
 j - 5 scrolls of enchant weapon
 k - 2 scrolls of acquirement
 l - 3 scrolls of noise {unknown}
 r - a scroll of amnesia {unknown}
 t - 2 scrolls of identify {unknown}
 B - a scroll of fear {unknown}
 C - a scroll of vulnerability {unknown}
Potions
 c - 3 potions of invisibility
 e - 6 potions of attraction {unknown}
 g - 4 potions of curing {unknown}
 h - a potion of might {unknown}
 n - a potion of brilliance {unknown}
 p - 2 potions of ambrosia {unknown}
 u - a potion of berserk rage {unknown}
 x - 3 potions of heal wounds {unknown}
 z - a potion of resistance {unknown}
 D - a potion of flight {unknown}
 G - a potion of haste {unknown}
 I - a potion of magic {unknown}
 K - a potion of cancellation {unknown}


   Skills:
 + Level 4.0 Fighting
 + Level 5.1 Short Blades
 + Level 3.3 Throwing
 + Level 3.8 Armour
 + Level 5.6 Dodging
 + Level 8.5 Stealth
 + Level 4.6 Spellcasting
 + Level 8.0 Hexes
 + Level 1.6 Invocations
 + Level 3.8 Evocations


You had 9 spell levels left.
You knew the following spells:

 Your Spells              Type           Power      Damage    Failure   Level
a - Ensorcelled Hibernat  Hex/Ice        36%        N/A       4%          2
b - Confusing Touch       Hex            33%        N/A       1%          3
c - Tukima's Dance        Hex            33%        N/A       1%          3

Your spell library contained the following spells:

 Spells                   Type           Power      Damage    Failure   Level
 Dazzling Flash           Conj/Hex       36%        N/A       8%          3
 Magic Dart               Conj           16%        1d3       14%         1
 Searing Ray              Conj           8%         2d4       21%         2
 Fulminant Prism          Conj/Hex       9%         3d7       26%         4


Dungeon Overview and Level Annotations

Branches:
Dungeon (7/15)             Temple (1/1) D:7           Sewer (visited)
 Bailey (1/1)

Altars:
Ashenzari
Cheibriados
Dithmenos
Fedhas
Gozag
Kikubaaqudgha
Makhleb
Nemelex Xobeh
Qazlal
Sif Muna
Trog
Uskayaw
Wu Jian
Xom
Yredelemnul

Annotations:
D:4 1 runed translucent door, Foxy's ghost, amateur FoFi
D:7 exclusion: oklob plant


Innate Abilities, Weirdness & Mutations

Your natural rate of healing is accelerated.
You have razor-sharp teeth.
You have supernaturally acute eyesight. (SInv)
You are afflicted with vampirism and can become a bat while bloodless.


Message History

Lightning courses through the orc warrior!
You kill the orc warrior!
Dithmenos accepts your kill.
An orc warrior and an orc high priest come into view.
Things that are here:
a +0 ring mail; an orc corpse Your +0 hand axe falls from the air.
There is a gate leading back out of this place here.
Magic restored.
Things that are here:
a +0 ring mail; an orc corpse
Casting: Tukima's Dance (safe; 1% risk of failure)
Confirm with . or Enter, or press ? or * to list all spells.
Aiming: Tukima's Dance (safe; 1% risk of failure)
Press: ? - help, Shift-Dir - straight line, f - orc high priest
Aim: an orc high priest, wielding a +0 war axe and wearing a +0 scale mail (chance to affect: 28%)
The orc high priest easily resists.
You hear a shout! x2
A goblin comes into view. It is wielding a +0 hand axe.
An orc comes into view. It is wielding a +0 hand axe.
The orc warrior shouts!
Casting: Tukima's Dance (safe; 1% risk of failure)
Confirm with . or Enter, or press ? or * to list all spells.
Aiming: Tukima's Dance (safe; 1% risk of failure)
Press: ? - help, Shift-Dir - straight line, f/p - orc high priest
Aim: an orc high priest, wielding a +0 war axe and wearing a +0 scale mail (chance to affect: 28%)
The orc high priest easily resists.
The orc high priest mumbles some strange prayers to Beogh.
The ice devil hits you. The ice devil freezes you!!
The ice devil attacks as you move away! The ice devil barely misses you.
The orc high priest prays to Beogh.
Things that are here:
a +0 ring mail; an orc corpse The ice devil attacks as you move away!
The ice devil hits you! The ice devil freezes you!
* * * LOW HITPOINT WARNING * * *
The sixfirhy hits you.
* * * LOW HITPOINT WARNING * * *
The sixfirhy shocks you!
You die... ≈≈≈≈≈~.#).# ......... #..#.~≈≈≈≈≈ ≈≈≈≈≈~.#.8# ....... #8.#.~≈≈≈≈≈ ≈≈≈≈≈~.#..# .._.. #[.#.~≈≈≈≈≈ ≈≈≈SS~.##)# ooo

#[##.~≈≈≈≈≈ ≈≈≈≈≈~.#..# ##g##
#))#.~≈≈≈≈≈ ≈≈≈≈≈~.#..# #.4.#
#))#.~≈≈≈≈≈ ≈≈≈≈≈~.#..# #4..#
#..#.~≈≈≈≈≈ ≈≈≈≈≈~.#..## #838#
#).#.~≈≈≈≈≈ ≈≈≈≈≈~.#..#. #.@.#
#..#.~≈≈≈≈≈
≈≈≈≈≈#+#'##'###8.8###+##[#'#≈≈≈≈≈
≈≈≈≈≈#....#.!.#...#...#....#≈≈≈≈≈
≈≈≈≈≈#....#.!.#...#...#).).#≈≈≈≈≈
≈≈≈≈≈###..######.######..###≈≈≈≈≈
≈≈≈≈≈#.'........∩........'.#≈≈≈≈≈
≈≈≈≈≈######~~~~~~~~~~~######≈≈≈≈≈
≈≈≈≈≈ ≈≈≈≈≈≈≈≈≈≈≈≈≈≈≈≈≈≈≈ ≈≈≈≈≈
≈≈≈≈≈≈≈≈≈≈≈≈≈≈≈≈≈≈≈≈≈


You could see an orc high priest, 2 ice devils, a sixfirhy (summoned), an orc
warrior, an orc and a goblin.

Vanquished Creatures
  A kobold demonologist (Bailey)
  A steam dragon (D:6)
  Edmund (D:5)
  An ice beast (D:7)
  2 black bears
  8 orc warriors
  An ogre (D:5)
  2 bullfrogs
  5 necrophages
  7 scorpions
  3 wights (D:5)
  An electric eel (Bailey)
  A howler monkey (D:5)
  4 jellies
  A gnoll bouda (D:5)
  An orc priest (D:6)
  A hound (D:6)
  3 iguanas (D:5)
  Ijyb (D:3)
  2 orc wizards
  A hell rat (Sewer)
  6 gnolls
  9 adders
  3 river rats
  2 white imps
  2 dart slugs
  2 worms
  6 orcs
  8 endoplasms
  6 giant cockroaches
  15 goblins
  10 hobgoblins
  A quokka (D:3)
  11 ball pythons
  5 bats
  4 frilled lizards (D:2)
  4 kobolds
  16 rats
158 creatures vanquished.

Vanquished Creatures (collateral kills)
  2 orc warriors (Bailey)
  2 wights (D:5)
  An orc (Bailey)
  A goblin (Bailey)
6 creatures vanquished.

Vanquished Creatures (others)
  8 dancing weapons
  3 fungi (D:7)
  2 plants (D:7)
13 creatures vanquished.

Grand Total: 177 creatures vanquished

Notes
Turn   | Place    | Note
-------+----------+-------------------------------------------
     0 | D:1      | BlueFish the Vampire Enchanter began the quest for the Orb.
     0 | D:1      | Reached XP level 1. HP: 13/13 MP: 3/3
   238 | D:1      | Reached XP level 2. HP: 17/19 MP: 5/5
   246 | D:1      | Learned a level 2 spell: Ensorcelled Hibernation
   927 | D:2      | Gained mutation: You are afflicted with vampirism and can
                  | become a bat while bloodless. [Vampire growth]
   927 | D:2      | Reached XP level 3. HP: 24/25 MP: 6/6
  1225 | D:2      | Reached skill level 1 in Fighting
  1225 | D:2      | Reached skill level 1 in Armour
  1225 | D:2      | Reached skill level 5 in Stealth
  1253 | D:2      | Reached XP level 4. HP: 8/32 MP: 7/7
  1756 | D:3      | Reached skill level 5 in Hexes
  1775 | D:3      | Noticed Ijyb
  1784 | D:3      | Killed Ijyb
  1813 | D:3      | Noticed a scorpion
  1820 | D:3      | Killed a scorpion
  1821 | D:3      | Reached XP level 5. HP: 37/37 MP: 8/8
  2017 | D:3      | Found a shimmering altar of Xom.
  2017 | D:3      | Found a shimmering altar of Xom.
  2018 | D:3      | Found a shimmering altar of Xom.
  2018 | D:3      | Found a shimmering altar of Xom.
  2018 | D:3      | Found a shimmering altar of Xom.
  2019 | D:3      | Found a shimmering altar of Xom.
  2097 | D:3      | Found a glowing drain.
  2118 | Sewer    | Entered a sewer
  2368 | D:4      | Reached XP level 6. HP: 43/43 MP: 10/10
  2402 | D:4      | Identified the ring of Huni {rPois rF++ rN+ Will- Dex+2}
  2555 | D:4      | Found an ornate altar of the Wu Jian Council.
  2604 | D:4      | Reached skill level 1 in Evocations
  2630 | D:4      | Found a runed translucent door.
  2630 | D:4      | Noticed Foxy's ghost (amateur FoFi)
  3085 | D:5      | Entered Level 5 of the Dungeon
  3093 | D:5      | Reached skill level 1 in Throwing
  3238 | D:5      | Reached XP level 7. HP: 44/50 MP: 9/11
  3247 | D:5      | Learned a level 3 spell: Confusing Touch
  3251 | D:5      | Learned a level 3 spell: Tukima's Dance
  3359 | D:5      | Found a sparkling altar of Nemelex Xobeh.
  3895 | D:5      | Reached XP level 8. HP: 57/57 MP: 12/13
  4064 | D:5      | Noticed Edmund
  4082 | D:5      | Killed Edmund
  4135 | D:5      | Found a broken altar of Ashenzari.
  4249 | D:5      | Found a hide-covered altar of Uskayaw.
  5397 | D:6      | Reached XP level 9. HP: 64/64 MP: 15/15
  5420 | D:6      | Reached skill level 5 in Dodging
  5497 | D:6      | Found an opulent altar of Gozag.
  5607 | D:7      | Found a staircase to the Ecumenical Temple.
  5620 | Temple   | Entered the Ecumenical Temple
  5692 | Temple   | Became a worshipper of Dithmenos the Shadowed
  5839 | D:7      | Found a blossoming altar of Fedhas.
  5860 | D:7      | Noticed an oklob plant
  5965 | D:7      | Found a flagged portal.
  5972 | Bailey   | Entered a bailey
  6367 | Bailey   | Reached skill level 1 in Invocations
  6373 | Bailey   | Reached * piety under Dithmenos
  6494 | Bailey   | Noticed a kobold demonologist
  6514 | Bailey   | Killed a kobold demonologist
  6533 | Bailey   | Reached skill level 5 in Short Blades
  6969 | Bailey   | Found an iron altar of Okawaru.
  6984 | Bailey   | Noticed an orc high priest
  7018 | Bailey   | Noticed an ice devil
  7018 | Bailey   | Noticed a sixfirhy
  7020 | Bailey   | Noticed an ice devil
  7020 | Bailey   | Slain by a sixfirhy

Illustrated notes

Levels and vault maps discovered:
D:1:      dpeg_arrival_simpleton_a, layout_basic, nrook_uturn
D:2:      layout_basic, minmay_joined_circles
D:3:      layout_rooms, xom_redecorated, portal_sewer_entry_b,
          grunt_ministairs_14, kennysheep_generic_room_16, uniq_ijyb
D:4:      nicolae_cairo_tiling_large_dashed, layout_cave_pods,
          nicolae_overflow_hidden_temple, hellmonk_ghost_happy_afterlife,
          minmay_ruptured
D:5:      layout_basic, marbit_many_paths, nicolae_uskayaw_suspiria,
          mainiacjoe_overflow_concentric_impassable, uniq_edmund
D:6:      layout_layer_cave, pdpol_temple_overflow_zin_treasury_gozag_greed
D:7:      layout_loops_ring, tgw_fedhas, temple_statues, enter_bailey_2,
          uniq_joseph, uniq_duvessa, uniq_crazy_yiuf_cottage
Temple:   cyrus_temple_forest
Bailey:   bailey_axe_of_yendor_kennysheep, bailey

Skill      XL: |  1  2  3  4  5  6  7  8  9 |
---------------+----------------------------+-----
Fighting       | 1 2 3 4 |  4.0
Armour         | 1 2 3 |  3.8
Stealth        | 5 6 7 8 |  8.5
Hexes          | 5 6 7 8 |  8.0
Short Blades   | 2 3 4 5 |  5.1
Dodging        | 3 4 5 |  5.6
Evocations     | 1 2 3 |  3.8
Throwing       | 1 2 3 |  3.3
Spellcasting   | 3 4 |  4.6
Invocations    | 1 |  1.6

Action                     |  1- 3 |  4- 6 |  7- 9 || total
---------------------------+-------+-------+-------++-------
  Melee: Dagger            |   155 |   169 |   313 ||   637
         Punch             |     4 |     2 |     8 ||    14
         Bite              |     4 |    22 |    40 ||    66
   Cast: Ensorcelled Hiber |       |    14 |    35 ||    49
         Tukima's Dance    |       |       |    32 ||    32
         Confusing Touch   |       |       |     9 ||     9
    Use: Potion            |       |       |     1 ||     1
   Stab: Sleeping          |     7 |    21 |    30 ||    58
         Distracted        |       |       |     1 ||     1
         Confused          |       |       |     3 ||     3
 Armour: Robe              |    53 |    35 |    46 ||   134
  Dodge: Dodged            |   104 |   173 |   227 ||   504

Table legend: (Time is in decaauts)
 A = Elapsed time spent in this place.
 B = Non-inter-level travel time spent in this place.
 C = Inter-level travel time spent in this place.
 D = Time resting spent in this place.
 E = Time spent auto-exploring this place.
 F = Levels seen in this place.
 G = Mean time per level.
                   A        B        C        D        E       F      G
               +--------+--------+--------+--------+--------+-----+--------+
         Total |   6943 |   6718 |    225 |     39 |   4450 |  10 |  694.3 |
       Dungeon |   5692 |   5489 |    203 |      5 |   3774 |   7 |  813.1 |
        Temple |    133 |    111 |     22 |      0 |     79 |   1 |  133.0 |
         Sewer |     98 |     98 |      0 |      0 |      0 |   1 |   98.0 |
        Bailey |   1019 |   1019 |      0 |     34 |    597 |   1 | 1019.0 |
               +--------+--------+--------+--------+--------+-----+--------+

Top non-repeatable levels by time:
     D:5: 1320 daAuts
     D:6: 1098 daAuts
  Bailey: 1019 daAuts
     D:2: 871 daAuts
     D:4: 809 daAuts
     D:1: 793 daAuts
     D:3: 568 daAuts
     D:7: 231 daAuts
  Temple: 133 daAuts
   Sewer: 98 daAuts
